 Dungeon Crawl Stone Soup version 0.21-a0-460-g737a915 (webtiles) character file.

3059 slep the Cleaver (level 9, -12/79 HPs)
             Began as a Minotaur Monk on Nov 20, 2017.
             Was a High Priest of Okawaru.
             Mangled by a two-headed ogre
             ... wielding a +0 giant club
              (26 damage)
             ... on level 8 of the Dungeon on Nov 21, 2017.
             The game lasted 00:36:17 (5869 turns).

slep the Cleaver (Minotaur Monk)                    Turns: 5869, Time: 00:36:17

Health: -12/79     AC:  8    Str: 14 (16) XL:     9   Next: 57%
Magic:  8/8        EV: 14    Int:  7      God:    Okawaru [*****.]
Gold:   418        SH:  0    Dex: 15 (16) Spells: 8/8 levels left

rFire    + . .     SeeInvis .   E - +8 frozen axe "Frostbite" {freezing cloud, *Noise +Fly rC+}
rCold    . . .     Gourm    .   (shield currently unavailable)
rNeg     . . .     Faith    .   d - +0 ring mail
rPois    .         Spirit   .   (helmet restricted)
rElec    .         Reflect  .   u - +0 cloak
rCorr    +         Harm     .   y - +0 pair of gloves
MR       .....                  (no boots)
Stlth    ++........             (no amulet)
HPRegen  0.23/turn              B - ring "Zyntoalo" {Fire +Blink}
MPRegen  0.11/turn              J - ring of resist corrosion

@: lethally poisoned (-12 -> -14), hasted (expiring), very quick
A: retaliatory headbutt, horns 2
a: Heroism, Finesse, Renounce Religion, Evoke Blink, Evoke Flight


You were on level 8 of the Dungeon.
You worshipped Okawaru.
Okawaru was extremely pleased with you.
You were hungry.

You visited 1 branch of the dungeon, and saw 8 of its levels.

You collected 418 gold pieces.

Inventory:

Hand Weapons
 n - a +2 dagger of speed
 z - a +2 vampiric whip
 E - the +8 frozen axe "Frostbite" (weapon) {freezing cloud, *Noise +Fly rC+}
   (You found it on level 5 of the Dungeon)

   It has been specially enchanted to freeze those struck by it, causing extra
   injury to most foes and up to half again as much damage against particularly
   susceptible opponents.
   It can also slow down cold-blooded creatures.
   It protects you from cold.
   It lets you fly.
   It may make noises in combat.
 L - a +5 flail of protection
Missiles
 f - 8 tomahawks (quivered)
 g - 31 poisoned needles
 o - 3 steel tomahawks
 r - 7 needles of paralysis
Armour
 d - a +0 ring mail (worn)
 u - a +0 cloak (worn)
 x - a +2 robe of magic resistance
 y - a +0 pair of gloves (worn)
Magical Staves
 t - an uncursed staff of death
Jewellery
 B - the ring "Zyntoalo" (left hand) {Fire +Blink}
   (You found it on level 4 of the Dungeon)

   [ring of fire]

   It enhances your fire magic.
   It protects you from fire.
   It makes you vulnerable to cold.
   It lets you blink.
 J - a ring of resist corrosion (right hand)
Wands
 p - a wand of lightning (13)
 P - a wand of acid (3)
 Q - a wand of iceblast (6)
Scrolls
 b - 9 scrolls of identify
 m - a scroll of enchant weapon {unknown}
 v - a scroll of fog {unknown}
 w - 3 scrolls of teleportation
 A - 7 scrolls of remove curse
 C - a scroll of noise {unknown}
 D - a scroll of amnesia {unknown}
 H - 3 scrolls of enchant armour {unknown}
 M - a scroll of vulnerability {unknown}
 N - a scroll of blinking {unknown}
Potions
 e - a potion of magic
 j - 2 potions of curing
 l - 3 potions of might {unknown}
 q - a potion of ambrosia {unknown}
 s - a potion of mutation {unknown}
 K - a potion of lignification
 O - a potion of heal wounds {unknown}
Comestibles
 c - 6 bread rations
 h - 3 meat rations
 F - a royal jelly
 G - 5 chunks of flesh
 I - 5 fruits


   Skills:
 + Level 7.5 Fighting
   Level 6.5 Long Blades
 + Level 9.4 Axes
 + Level 2.5 Staves
 + Level 2.0 Throwing
 + Level 5.8 Armour
 + Level 5.8 Dodging
 + Level 3.2 Stealth


You had 8 spell levels left.
You didn't know any spells.

Dungeon Overview and Level Annotations

Branches:
Dungeon (8/15)             Temple (0/1) D:7
   Lair: D:8-11

Altars:
Ashenzari
Elyvilon
Gozag
Kikubaaqudgha
Nemelex Xobeh
Okawaru
Sif Muna
Uskayaw
Wu Jian
Zin


Innate Abilities, Weirdness & Mutations

You reflexively headbutt those who attack you in melee.
You have a pair of horns on your head.


Message History

The crimson imp blinks!
You feel sick.
Your extra speed is starting to run out.
You feel sick.
Throwing (i - inventory. (,) - cycle):
f - 10 tomahawks (quivered)
Press: ? - help, Shift-Dir - straight line, f - two-headed ogre
Aim: a two-headed ogre, wielding a giant club and a dire flail (heavily wounded)
You throw a tomahawk.
The tomahawk barely misses the two-headed ogre.
You feel sick.
Throwing (i - inventory. (,) - cycle):
f - 9 tomahawks (quivered)
Press: ? - help, Shift-Dir - straight line, f/p - two-headed ogre
Aim: a two-headed ogre, wielding a giant club and a dire flail (heavily wounded)
You throw a tomahawk. The tomahawk hits the two-headed ogre.
The two-headed ogre is heavily wounded.
Your ring mail prevents you from hitting the two-headed ogre.
The two-headed ogre is heavily wounded.
You feel sick.
The two-headed ogre hits you with a giant club!!
You die...

###.####.#####.#######..#
....(....# #.# #..#
###.####.# #.# #..# #.
#.# #.# #..# #. #.#
#.#######..# #.# #.#
#.##...>...# #.# ##.##
#.##.#####.# #.# #.#.#
#.##.## #<# #.###..###
#@#...####.# #........#
#.O.Y..(##.#
#####..##.##.#
##.....5[#.###
.......##.##.##
#......†....#
#.............#
#......†#.#.#
#.####.#...#..#
#......##.#.# #
#........###.#.#.###Y# #
#...>.................
##...........#..###...


You could see a two-headed ogre, an ice beast and a crimson imp.

Vanquished Creatures
  Joseph (D:7)
  Prince Ribbit (D:6)
  Sigmund (D:4)
  Edmund (D:6)
  Menkaure (D:6)
  A water moccasin (D:6)
  A sky beast (D:6)
  4 ogres
  A centaur (D:7)
  A necrophage (D:7)
  Blork the orc (D:6)
  4 killer bees (D:8)
  4 wights (D:7)
  3 crimson imps
  A hound (D:5)
  A jelly (D:6)
  2 orc priests
  5 orc wizards
  3 iguanas
  2 centaur skeletons
  7 worker ants
  Ijyb (D:3)
  A hound skeleton (D:8)
  Robin (D:3)
  6 gnolls
  12 adders
  2 shadow imps
  2 adder skeletons
  2 worms
  2 dart slugs
  A leopard gecko (D:4)
  18 orcs
  10 bats
  5 giant cockroaches
  19 goblins
  15 hobgoblins
  12 jackals
  3 quokkas
  A ball python (D:3)
  5 frilled lizards
  8 kobolds
  A leopard gecko skeleton (D:7)
  9 rats
182 creatures vanquished.

Notes
Turn   | Place    | Note
-------+----------+-------------------------------------------
     0 | D:1      | slep the Minotaur Monk began the quest for the Orb.
     0 | D:1      | Reached XP level 1. HP: 19/19 MP: 0/0
   120 | D:1      | Reached XP level 2. HP: 11/27 MP: 1/1
   565 | D:2      | Reached XP level 3. HP: 33/33 MP: 2/2
   700 | D:2      | Reached skill level 1 in Armour
   727 | D:2      | Reached XP level 4. HP: 4/41 MP: 3/3
  1507 | D:3      | Noticed Robin
  1510 | D:3      | Noticed Ijyb
  1644 | D:3      | Found a deep blue altar of Sif Muna.
  1651 | D:3      | Found an iron altar of Okawaru.
  1653 | D:3      | Found a glowing silver altar of Zin.
  1659 | D:3      | Became a worshipper of Warmaster Okawaru
  1659 | D:3      | Reached * piety under Okawaru
  1659 | D:3      | Reached ** piety under Okawaru
  1676 | D:3      | Killed Ijyb
  1676 | D:3      | Reached skill level 5 in Long Blades
  1676 | D:3      | Reached XP level 5. HP: 47/47 MP: 4/4
  1680 | D:3      | Killed Robin
  1721 | D:3      | Found an ancient bone altar of Kikubaaqudgha.
  1812 | D:3      | Found a shattered altar of Ashenzari.
  1979 | D:3      | Found a white marble altar of Elyvilon.
  1979 | D:3      | Found an ornate altar of the Wu Jian Council.
  1980 | D:3      | Found a shattered altar of Ashenzari.
  1981 | D:3      | Found a hide-covered altar of Uskayaw.
  2303 | D:4      | Noticed an ogre
  2313 | D:4      | Killed an ogre
  2313 | D:4      | Reached skill level 5 in Fighting
  2313 | D:4      | Reached XP level 6. HP: 54/56 MP: 5/5
  2596 | D:4      | Found a sparkling altar of Nemelex Xobeh.
  2704 | D:4      | Reached skill level 1 in Throwing
  2905 | D:4      | Reached skill level 1 in Staves
  3195 | D:4      | Noticed Sigmund
  3268 | D:4      | Killed Sigmund
  3268 | D:4      | Reached XP level 7. HP: 30/61 MP: 6/6
  3343 | D:4      | Got a twitching ivory ring
  3349 | D:4      | Identified the ring "Zyntoalo" {Fire +Blink} (You found it on level 4 of the Dungeon)
  3624 | D:5      | Entered Level 5 of the Dungeon
  3671 | D:5      | Reached skill level 5 in Dodging
  3805 | D:5      | Found the +8 frozen axe "Frostbite" {freezing cloud, *Noise +Fly rC+}
  3905 | D:5      | Reached skill level 1 in Axes
  3993 | D:5      | Got a smoking helmet
  4029 | D:5      | Reached *** piety under Okawaru
  4347 | D:6      | Noticed Menkaure
  4349 | D:6      | Noticed Prince Ribbit
  4351 | D:6      | Killed Menkaure
  4351 | D:6      | Reached skill level 2 in Axes
  4351 | D:6      | Reached XP level 8. HP: 70/70 MP: 7/7
  4356 | D:6      | Killed Prince Ribbit
  4356 | D:6      | Reached skill level 3 in Axes
  4413 | D:6      | Noticed Edmund
  4419 | D:6      | Killed Edmund
  4419 | D:6      | Reached skill level 4 in Axes
  4419 | D:6      | Reached skill level 5 in Armour
  4422 | D:6      | Identified the cursed +0 helmet of Trumpets {*Contam rC+ MR+} (You found it on level 5 of the Dungeon)
  4522 | D:6      | Reached **** piety under Okawaru
  4522 | D:6      | Reached skill level 5 in Axes
  4632 | D:6      | Found an opulent altar of Gozag.
  4650 | D:6      | Found a deep blue altar of Sif Muna.
  4697 | D:6      | Reached skill level 6 in Axes
  4706 | D:6      | Noticed Blork the orc
  4710 | D:6      | Killed Blork the orc
  5041 | D:7      | Reached skill level 7 in Axes
  5093 | D:7      | Reached XP level 9. HP: 60/78 MP: 8/8
  5110 | D:7      | Found a staircase to the Ecumenical Temple.
  5330 | D:7      | Noticed Joseph
  5344 | D:7      | Killed Joseph
  5344 | D:7      | Reached skill level 8 in Axes
  5549 | D:7      | Reached ***** piety under Okawaru
  5735 | D:8      | Reached skill level 9 in Axes
  5849 | D:8      | Noticed a two-headed ogre
  5869 | D:8      | Mangled by a two-headed ogre

Vault maps used:
D:1:      lemuel_arrival_hallway, hangedman_decor_clover_reticule,
          hex_intersection, minmay_misc_feat_alley, roderic_filled_cross,
          grunt_decor_cap
D:2:      first_bread
D:3:      okawaru_metal_pillars_1_2, minitemple, cheibrodos_ashenzari_chains,
          uniq_robin, uniq_ijyb
D:4:      kennysheep_goblin_castle, nemelex_altar_shiori, moated_statue,
          uniq_sigmund
D:5:      kennysheep_generic_room_9
D:6:      kennysheep_mini_moat, basic_altar, minmay_misc_feat_iff,
          uniq_menkaure, uniq_edmund, uniq_prince_ribbit1, uniq_blork_the_orc
D:7:      temple_statues, uniq_joseph
D:8:      kennysheep_little_box, marbit_many_paths, uniq_pikel

Skill      XL: |  1  2  3  4  5  6  7  8  9 |
---------------+----------------------------+-----
Fighting       | 4 5 6 7 |  7.5
Long Blades    | 4 5 6 |  6.5
Armour         | 1 2 3 4 5 |  5.8
Dodging        | 4 5 |  5.8
Stealth        | 2 3 |  3.2
Throwing       | 1 2 |  2.0
Staves         | 2 |  2.5
Axes           | 2 7 9 |  9.4

Action                   |  1- 3 |  4- 6 |  7- 9 || total
-------------------------+-------+-------+-------++-------
Melee: Falchion          |    83 |   147 |    40 ||   270
       Headbutt          |    14 |    40 |    22 ||    76
       Staff             |       |    64 |       ||    64
       Executioner's axe |       |       |   114 ||   114
       War axe           |       |       |    11 ||    11
Throw: Tomahawk          |     9 |    18 |     2 ||    29
  Use: Potion            |       |     1 |     4 ||     5
       Scroll            |       |     6 |     2 ||     8
 Stab: Sleeping          |     1 |     2 |     4 ||     7
  Eat: Chunk             |       |     8 |     8 ||    16
Armor: Ring mail         |    22 |    51 |    66 ||   139
       Skin              |       |    60 |       ||    60
Dodge: Dodged            |    45 |   148 |   130 ||   323
       Rpst.: Falchion   |     7 |    21 |     6 ||    34

Table legend:
 A = Spawn XP
 B = Non-spawn XP
 C = Spawn XP percentage of total XP
 D = Spawn monster count
 E = Non-spawn monster count
 F = Spawn count percentage of total count
 G = Total turns spent on level
                    A         B        C        D         E        F      G
               +---------+---------+-------+---------+---------+-------+---------
         Total |       0 |    4370 |   0.0 |       0 |     182 |   0.0 |  5869
               +---------+---------+-------+---------+---------+-------+---------
           D:1 |       0 |      40 |   0.0 |       0 |      27 |   0.0 |   550
           D:2 |       0 |     112 |   0.0 |       0 |      29 |   0.0 |  1000
           D:3 |       0 |     155 |   0.0 |       0 |      30 |   0.0 |   744
           D:4 |       0 |     638 |   0.0 |       0 |      33 |   0.0 |  1330
           D:5 |       0 |     329 |   0.0 |       0 |      17 |   0.0 |   721
           D:6 |       0 |    1334 |   0.0 |       0 |      17 |   0.0 |   625
           D:7 |       0 |    1400 |   0.0 |       0 |      20 |   0.0 |   759
           D:8 |       0 |     362 |   0.0 |       0 |       9 |   0.0 |   140
               +---------+---------+-------+---------+---------+-------+---------
